 Dungeon Crawl Stone Soup version 0.31-a0-198-g2ad674f65e (webtiles) character file.

Game seed: 2678271291912779304

62 Gorgondantess the Trooper (level 3, -2/33 HPs)
             Began as an Armataur Warper on June 25, 2023.
             Killed by nerve-wracking pain
             ... invoked by an orc priest
              (9 damage)
             ... on level 3 of the Dungeon.
             The game lasted 00:03:02 (1719 turns).

Gorgondantess the Trooper (Armataur Warper)         Turns: 1719, Time: 00:03:02

Health: -2/33      AC:  4    Str: 16    XL:     3   Next: 85%
Magic:  5/5        EV:  9    Int: 15    God:
Gold:   94         SH:  0    Dex:  9    Spells: 3/5 levels left

rFire   . . .        s - +0 morningstar
rCold   . . .        (no shield)
rNeg    . . .        b - +0 leather armour
rPois   .            (no helmet)
rElec   .            (no cloak)
rCorr   .            (no gloves)
SInv    .            (no barding)
Will    .....        n - amulet of the acrobat
Stlth   +            (no ring)
HPRegen 0.25/turn    (no ring)
MPRegen 0.09/turn

%: acrobat, roll
@: no status effects
A: large, rugged brown scales 3, deformed body, armoured tail, roll, long
tongue, awkward tongue
a: no special abilities


You were on level 3 of the Dungeon.
You visited 1 branch of the dungeon, and saw 3 of its levels.

You collected 94 gold pieces.

Inventory:

Hand Weapons
 a - a +0 mace
 s - a +0 morningstar (weapon)
Missiles
 d - 7 boomerangs of dispersal (quivered)
 k - 10 poisoned darts
Armour
 b - a +0 leather armour (worn)
 l - a +0 ring mail
 q - the +0 robe of the Sunfish {Harm rF+}
   (You found it on level 3 of the Dungeon)

   rF:        It protects you from fire.
   Harm:      It increases damage dealt and taken.
Magical Staves
 i - a staff of conjuration
Jewellery
 n - an amulet of the acrobat (around neck)
Scrolls
 c - a scroll of blinking
 e - a scroll of enchant weapon {unknown}
 g - 2 scrolls of teleportation {unknown}
 h - 3 scrolls of revelation {unknown}
 o - a scroll of silence {unknown}
 t - a scroll of identify {unknown}
Potions
 f - a potion of curing {unknown}
 j - 3 potions of heal wounds {unknown}
 m - a potion of might {unknown}
 p - a potion of mutation {unknown}
 r - a potion of magic {unknown}


   Skills:
 + Level 3.2 Fighting
 + Level 2.6 Maces & Flails
 - Level 0.8 Throwing
 - Level 1.2 Armour
 - Level 1.3 Dodging
 - Level 1.7 Spellcasting
 - Level 3.0 Translocations


You had 3 spell levels left.
You knew the following spells:

 Your Spells              Type           Power      Damage    Failure   Level
a - Blink                 Tloc           20%        N/A       12%         2

Your spell library contained the following spells:

 Spells                   Type           Power      Damage    Failure   Level
 Lesser Beckoning         Tloc           20%        N/A       12%         2
 Teleport Other           Tloc           10%        N/A       24%         3
 Vhi's Electric Charge    Tloc/Air       10%        N/A       41%         3
 Manifold Assault         Tloc           10%        N/A       63%         4


Dungeon Overview and Level Annotations

Branches:
Dungeon (3/15)

Altars:


Innate Abilities, Weirdness & Mutations

You are completely covered in rugged brown scales. (AC +3, +7% HP)
Armour fits poorly on your strangely shaped body.
You have a long armoured tail.
You roll when moving toward enemies. (Rampage)
Your long tongue fully drains potion bottles. (2x potion effects)
Your tongue gives you trouble enunciating. (1.5x scroll delay)


Message History

Something hits the plant!
The plant begins to die.
You hear a shout!
Okay, then.
An orc priest comes into view. It is wielding a +0 dagger.
The orc priest shouts! x2
The orc priest mumbles some strange prayers to Beogh against you.
Beogh smites you!
The orc priest attacks as you move away!
The orc priest hits you with a +0 flail.
The orc priest attacks as you move away!
The orc priest hits you with a +0 flail.
The orc priest attacks as you move away!
The orc priest hits you with a +0 flail.
You barely miss the orc priest.
The orc priest casts a cantrip, but nothing happens.
You hit the orc priest but do no damage.
The orc priest casts a cantrip, but nothing happens.
You completely miss the orc priest.
The orc priest hits you with a +0 flail. x2
You hit the orc priest but do no damage.
The orc priest hits you with a +0 flail.
* * * LOW HITPOINT WARNING * * *
You hit the orc priest.
Your tail-slap misses the orc priest.
The orc priest is heavily wounded.
The orc priest barely misses you.
The orc priest looks encouraged for a moment.
You barely miss the orc priest.
Your tail-slap misses the orc priest.
The orc priest is heavily wounded.
The orc priest hits you but does no damage.
You barely miss the orc priest. You tail-slap the orc priest.
The orc priest is almost dead.
The orc priest hits you with a +0 flail.
* * * LOW HITPOINT WARNING * * *
The orc priest calls upon Beogh to heal the orc priest.
The orc priest is healed somewhat.
You hit the orc priest.
The orc priest is severely wounded.
The orc priest calls down the wrath of Beogh upon you.
Pain shoots through your body!
You die...

≈≈~~~~. ≈≈~~P~.
~≈≈≈~~. ~~≈≈≈~..#
~~≈≈≈~..###
~P~≈≈P....###
P.~≈≈≈~~.oo.##
.~~≈≈≈P..##.o###
.Poo≈≈≈..###@..##
.~~~~≈~~.#
###..## .#
..~~~~~..# ##..#
.# # #..P~~..##
##.#### .###
#.~~≈~... #....#
#.#.. ....≈~~...
####.#####.# #
...~≈~.....
#....##.# #
#.~P≈~P.....
####..#.# #
#.~o≈≈P......
##...# #


You could see 3 orc priests.

Vanquished Creatures
  3 adders (D:2)
  A dart slug (D:2)
  3 ball pythons
  4 bats (D:1)
  3 endoplasms
  2 giant cockroaches (D:1)
  3 goblins
  4 hobgoblins
  5 frilled lizards
  5 kobolds
  2 rats (D:2)
35 creatures vanquished.

Notes
Turn   | Place    | Note
-------+----------+-------------------------------------------
     0 | D:1      | Gorgondantess the Armataur Warper began the quest for the
                  | Orb.
     0 | D:1      | Reached XP level 1. HP: 18/18 MP: 3/3
   278 | D:1      | Reached XP level 2. HP: 24/26 MP: 4/4
   778 | D:1      | Learned a level 2 spell: Blink
   949 | D:2      | Reached XP level 3. HP: 32/32 MP: 5/5
  1509 | D:3      | Identified the +0 robe of the Sunfish {Harm rF+}
  1719 | D:3      | Killed from afar by an orc priest

Illustrated notes

Levels and vault maps discovered:
D:1:      psy_arrival_statuary, layout_basic
D:2:      layout_loops_ring, chequers_serial_rivers_micro_a, kennysheep_nub
D:3:      layout_basic, chequers_big_river

Skill      XL: |  1  2  3 |
---------------+----------+-----
Fighting       | 2 3 |  3.2
Maces & Flails | 2 |  2.6
Throwing       | |  0.8
Armour         | |  1.2
Dodging        | |  1.3
Spellcasting   | |  1.7
Translocations | |  3.0

Action                     || total
---------------------------++-------
  Melee: Mace              ||   106
         Punch             ||     3
         Tailslap          ||     7
         Morningstar       ||    12
 Armour: Leather armour    ||    42
  Dodge: Dodged            ||    60

Table legend: (Time is in decaauts)
 A = Elapsed time spent in this place.
 B = Non-inter-level travel time spent in this place.
 C = Inter-level travel time spent in this place.
 D = Time resting spent in this place.
 E = Time spent auto-exploring this place.
 F = Levels seen in this place.
 G = Mean time per level.
                   A        B        C        D        E       F      G
               +--------+--------+--------+--------+--------+-----+--------+
         Total |   1754 |   1645 |    109 |     43 |   1231 |   3 |  584.7 |
       Dungeon |   1754 |   1645 |    109 |     43 |   1231 |   3 |  584.7 |
               +--------+--------+--------+--------+--------+-----+--------+

Top non-repeatable levels by time:
     D:1: 783 daAuts
     D:2: 711 daAuts
     D:3: 259 daAuts
